 Dungeon Crawl Stone Soup version 0.21-a0-442-g848f44b (webtiles) character file.

71 Gildeon the Shooter (level 4, 0/41 HPs)
             Began as a Minotaur Hunter on Nov 15, 2017.
             Succumbed to Robin's poison
             ... on level 2 of the Dungeon.
             The game lasted 00:08:46 (1206 turns).

Gildeon the Shooter (Minotaur Hunter)               Turns: 1206, Time: 00:08:47

Health: 0/41       AC:  5    Str: 21    XL:     4   Next: 5%
Magic:  3/3        EV: 17    Int:  8    God:
Gold:   32         SH:  0    Dex: 17    Spells: 3/3 levels left

rFire    . . .     SeeInvis .   k - +0 hand axe
rCold    . . .     Gourm    .   (no shield)
rNeg     . . .     Faith    .   c - +2 leather armour
rPois    .         Spirit   .   (helmet restricted)
rElec    .         Reflect  .   (no cloak)
rCorr    .         Harm     .   (no gloves)
MR       .....                  (no boots)
Stlth    +++.......             (no amulet)
HPRegen  0.13/turn              (no ring)
MPRegen  0.08/turn              (no ring)

@: mighty, agile, lethally poisoned (0 -> -1)
A: retaliatory headbutt, horns 2
a: no special abilities


You were on level 2 of the Dungeon.
You were not hungry.

You visited 1 branch of the dungeon, and saw 2 of its levels.

You collected 32 gold pieces.

Inventory:

Hand Weapons
 a - a +1 shortbow
 k - a +0 hand axe (weapon)
Missiles
 d - 2 arrows
Armour
 c - a +2 leather armour (worn)
Scrolls
 b - 2 scrolls of teleportation
 m - 2 scrolls of fear
Comestibles
 f - a bread ration
 g - a royal jelly
 h - 12 chunks of flesh
 l - a fruit


   Skills:
 + Level 4.5 Fighting
 - Level 5.0 Bows
 - Level 2.1 Dodging
 - Level 0.7 Stealth


You had 3 spell levels left.
You didn't know any spells.

Dungeon Overview and Level Annotations

Branches:
Dungeon (2/15)

Altars:


Innate Abilities, Weirdness & Mutations

You reflexively headbutt those who attack you in melee.
You have a pair of horns on your head.


Message History

a club; 2 arrows
* * * LOW HITPOINT WARNING * * *
You feel sick.
Things that are here:
an arrow; a club; a goblin corpse
d - an arrow
Things that are here:
a club; 2 arrows
* * * LOW HITPOINT WARNING * * *
You feel sick.
Things that are here:
an arrow; 10 stones
There is a lethal amount of poison in your body!
* * * LOW HITPOINT WARNING * * *
You feel sick.
You see here an arrow.
d - 2 arrows (gained 1)
* * * LOW HITPOINT WARNING * * *
You feel sick.
You die...

###############
#.............#
#@###.......#.#
#.##...........
#.##........###
#.##...).......
###.###..)#######
#........(.######
..#.###.)).(....#
.....>#)))..###.#
<...........##


There were no monsters in sight!

Vanquished Creatures
  Robin (D:2)
  An adder (D:2)
  An ooze (D:1)
  A dart slug (D:1)
  2 leopard geckos
  A giant cockroach (D:2)
  12 goblins
  7 hobgoblins
  3 jackals (D:1)
  A kobold (D:1)
  3 bats (D:1)
  A frilled lizard (D:1)
  4 rats (D:1)
38 creatures vanquished.

Notes
Turn   | Place    | Note
-------+----------+-------------------------------------------
     0 | D:1      | Gildeon the Minotaur Hunter began the quest for the Orb.
     0 | D:1      | Reached XP level 1. HP: 18/18 MP: 0/0
   341 | D:1      | Reached XP level 2. HP: 25/25 MP: 1/1
   349 | D:1      | Reached skill level 5 in Bows
  1021 | D:1      | Reached XP level 3. HP: 31/31 MP: 2/2
  1163 | D:2      | Noticed Robin
  1177 | D:2      | Killed Robin
  1177 | D:2      | Reached XP level 4. HP: 12/41 MP: 3/3
  1192 | D:2      | HP: 2/41 [poisoned by Robin]
  1198 | D:2      | HP: 1/41 [poisoned by Robin]
  1206 | D:2      | Succumbed to Robin's poison

Vault maps used:
D:1:      evilmike_arrival_fibonacci_small
D:2:      old_standard_altar, nicolae_ru_the_path_less_chosen,
          lemuel_round_altar, minitemple, first_bread, uniq_robin

Skill      XL: |  1  2  3 |
---------------+----------+-----
Bows           | 5 |  5.0
Fighting       | 3 4 |  4.5
Dodging        | |  2.1
Stealth        | |  0.7

Action                   |  1- 3 |  4- 6 || total
-------------------------+-------+-------++-------
Melee: Hand axe          |     8 |       ||     8
       Headbutt          |     1 |       ||     1
 Fire: Shortbow          |    82 |       ||    82
  Use: Scroll            |     7 |       ||     7
       Potion            |     1 |     1 ||     2
  Eat: Chunk             |     1 |       ||     1
Armor: Leather armour    |    10 |       ||    10
Dodge: Dodged            |    33 |       ||    33

Table legend:
 A = Spawn XP
 B = Non-spawn XP
 C = Spawn XP percentage of total XP
 D = Spawn monster count
 E = Non-spawn monster count
 F = Spawn count percentage of total count
 G = Total turns spent on level
                    A         B        C        D         E        F      G
               +---------+---------+-------+---------+---------+-------+---------
         Total |       0 |     102 |   0.0 |       0 |      38 |   0.0 |  1206
               +---------+---------+-------+---------+---------+-------+---------
           D:1 |       0 |      41 |   0.0 |       0 |      20 |   0.0 |  1082
           D:2 |       0 |      61 |   0.0 |       0 |      18 |   0.0 |   124
               +---------+---------+-------+---------+---------+-------+---------
